| TOP OF THE 1ST |
|
Palm Beach Nationals batting - Pitching for Kelowna Heat : RHP Kenjyu Watanabe
|
|
Pitching: RHP Kenjyu Watanabe
|
|
|
Batting: RHB Victor Rojas
|
0-0: Called Strike 0-1: Ball 1-1: Foul Ball, location: 2F 1-2: Strikes out swinging
|
|
Batting: RHB Charlie Iacovone
|
0-0: Called Strike 0-1: Called Strike 0-2: Ball 1-2: Ball 2-2: Ball 3-2: Strikes out swinging
|
|
Batting: RHB Ryan Wright
|
0-0: Ball 1-0: Fly out, F9 (Flyball, 89D, EV 90.6 MPH)
|
| Top of the 1st over - 0 runs, 0 hits, 0 errors, 0 left on base; Palm Beach 0 - Kelowna 0 |
| BOTTOM OF THE 1ST |
|
Kelowna Heat batting - Pitching for Palm Beach Nationals : LHP Danny Juarez
|
|
Pitching: LHP Danny Juarez
|
|
|
Batting: RHB Adrian Franz
|
0-0: Ball 1-0: Foul Ball, location: 2F 1-1: Called Strike 1-2: Ball 2-2: Strikes out swinging
|
|
Batting: RHB Mike Storey
|
0-0: Ball 1-0: Called Strike 1-1: Ball 2-1: Ball 3-1: Called Strike 3-2: Ground out 6-3 (Groundball, 56, EV 103.8 MPH)
|
|
Batting: LHB Oscar Tamayo
|
0-0: Called Strike 0-1: Ball 1-1: Swinging Strike 1-2: Foul Ball, location: 2F 1-2: Ball 2-2: Fly out, F8 (Flyball, 89XD, EV 107.5 MPH)
|
| Bottom of the 1st over - 0 runs, 0 hits, 0 errors, 0 left on base; Palm Beach 0 - Kelowna 0 |
| TOP OF THE 2ND |
|
Palm Beach Nationals batting - Pitching for Kelowna Heat : RHP Kenjyu Watanabe
|
|
Batting: RHB Alex Martinez
|
0-0: Ball 1-0: Ball 2-0: Swinging Strike 2-1: Fly out, F7 (Flyball, 7S, EV 93.1 MPH)
|
|
Batting: RHB Jess Thomas
|
0-0: Ball 1-0: Ball 2-0: Ball 3-0: Called Strike 3-1: DOUBLE (Line Drive, 78XD, EV 110.6 MPH)
|
|
Pinch Runner at 2nd Qian Tai:
|
|
|
Batting: RHB Kenny Ball
|
0-0: Foul Ball, location: 2F 0-1: Foul Ball, location: 2F 0-2: Ball 1-2: SINGLE (Line Drive, 6M, EV 105.6 MPH) Qian Tai to third
|
|
Batting: LHB Tony Olvera
|
0-0: Fielders Choice at 2nd, U6 (Groundball, 4M, EV 88.1 MPH) Qian Tai scores
|
|
Batting: RHB Joe Simmelink
|
0-0: Ball 1-0: Ball 2-0: Called Strike 2-1: Foul Ball, location: 2F 2-2: Strikes out swinging
|
| Top of the 2nd over - 1 run, 2 hits, 0 errors, 1 left on base; Palm Beach 1 - Kelowna 0 |
| BOTTOM OF THE 2ND |
|
Kelowna Heat batting - Pitching for Palm Beach Nationals : LHP Danny Juarez
|
|
Batting: LHB Adrian Navarro
|
0-0: Ball 1-0: Foul Ball, location: 2F 1-1: Swinging Strike 1-2: Fly out, F7 (Flyball, 7, EV 83.8 MPH)
|
|
Batting: RHB Matt Wallace
|
0-0: SOLO HOME RUN (Flyball, 89XD, EV 115.6 MPH), Distance : 429 ft
|
|
Batting: LHB Dennis Jones
|
0-0: Foul Ball, location: 2F 0-1: Foul Ball, location: 2F 0-2: Strikes out swinging
|
|
Batting: RHB Soichi Kaneshiro
|
0-0: SINGLE (Groundball, 13, EV 80.6 MPH) (infield hit)
|
|
Batting: RHB Sean Gilbert
|
0-0: Ball Soichi Kaneshiro is caught stealing 2nd base 2-4
|
| Bottom of the 2nd over - 1 run, 2 hits, 0 errors, 0 left on base; Palm Beach 1 - Kelowna 1 |
| TOP OF THE 3RD |
|
Palm Beach Nationals batting - Pitching for Kelowna Heat : RHP Kenjyu Watanabe
|
|
Batting: RHB Franklin Ortega
|
0-0: Swinging Strike 0-1: Ball 1-1: Ground out 6-3 (Groundball, 6S, EV 83.1 MPH)
|
|
Batting: RHB Victor Rojas
|
0-0: Ball 1-0: Ball 2-0: Called Strike 2-1: Foul Ball, location: 2F 2-2: SINGLE (Groundball, 6MD, EV 101.2 MPH) (infield hit)
|
|
Batting: RHB Charlie Iacovone
|
0-0: Called Strike 0-1: Fly out, F7 (Flyball, 7LS, EV 93.1 MPH)
|
|
Batting: RHB Ryan Wright
|
0-0: Called Strike 0-1: Ball 1-1: Ball Victor Rojas is caught stealing 2nd base 2-4
|
| Top of the 3rd over - 0 runs, 1 hit, 0 errors, 0 left on base; Palm Beach 1 - Kelowna 1 |
| BOTTOM OF THE 3RD |
|
Kelowna Heat batting - Pitching for Palm Beach Nationals : LHP Danny Juarez
|
|
Batting: RHB Sean Gilbert
|
0-0: Ball 1-0: Hit by Pitch
|
|
Batting: RHB Glen Limeburner
|
0-0: Ball 1-0: Ball 2-0: Foul Ball, location: 2F 2-1: Ball 3-1: Grounds into double play, 6-4-3 (Groundball, 6, EV 89.4 MPH)
|
|
Batting: RHB Adrian Franz
|
0-0: Ball 1-0: Ball 2-0: Called Strike 2-1: Ball 3-1: Called Strike 3-2: Strikes out looking
|
| Bottom of the 3rd over - 0 runs, 0 hits, 0 errors, 0 left on base; Palm Beach 1 - Kelowna 1 |
| TOP OF THE 4TH |
|
Palm Beach Nationals batting - Pitching for Kelowna Heat : RHP Kenjyu Watanabe
|
|
Batting: RHB Ryan Wright
|
0-0: Ball 1-0: Called Strike 1-1: Ball 2-1: Called Strike 2-2: Foul Ball, location: 2F 2-2: Ball 3-2: Ground out 6-3 (Groundball, 6M, EV 84.4 MPH)
|
|
Batting: RHB Alex Martinez
|
0-0: Ball 1-0: Called Strike 1-1: Foul Ball, location: 2F 1-2: Foul Ball, location: 2F 1-2: Ball 2-2: Strikes out swinging
|
|
Batting: RHB Qian Tai
|
0-0: Called Strike 0-1: Called Strike 0-2: Ball 1-2: Ball 2-2: Fly out, F8 (Flyball, 8LM, EV 97.5 MPH)
|
| Top of the 4th over - 0 runs, 0 hits, 0 errors, 0 left on base; Palm Beach 1 - Kelowna 1 |
| BOTTOM OF THE 4TH |
|
Kelowna Heat batting - Pitching for Palm Beach Nationals : LHP Danny Juarez
|
|
Batting: RHB Mike Storey
|
0-0: Called Strike 0-1: Ball 1-1: Foul Ball, location: 2F 1-2: Ball 2-2: Ball 3-2: Base on Balls
|
|
Batting: LHB Oscar Tamayo
|
0-0: Ball 1-0: Ball 2-0: Foul Ball, location: 2F 2-1: Ball 3-1: Base on Balls Mike Storey to second
|
|
Batting: LHB Adrian Navarro
|
0-0: Ball 1-0: Ball 2-0: Ball 3-0: Called Strike 3-1: Foul Ball, location: 2F 3-2: Fly out, F9 (Flyball, 9, EV 91.9 MPH)
|
|
Batting: RHB Matt Wallace
|
0-0: Ball 1-0: Ball 2-0: Ball 3-0: Base on Balls Mike Storey to third Oscar Tamayo to second
|
|
Batting: LHB Dennis Jones
|
0-0: Called Strike 0-1: Foul Ball, location: 2F 0-2: Ball 1-2: Strikes out swinging
|
|
Batting: RHB Soichi Kaneshiro
|
0-0: Swinging Strike 0-1: Ball 1-1: Fielders Choice at 2nd, 6-4 (Groundball, 6, EV 111.2 MPH)
|
| Bottom of the 4th over - 0 runs, 0 hits, 0 errors, 3 left on base; Palm Beach 1 - Kelowna 1 |
| TOP OF THE 5TH |
|
Palm Beach Nationals batting - Pitching for Kelowna Heat : RHP Kenjyu Watanabe
|
|
Batting: RHB Kenny Ball
|
0-0: Ball 1-0: SINGLE (Flyball, 8LS, EV 86.9 MPH)
|
|
Batting: LHB Tony Olvera
|
0-0: Called Strike 0-1: Swinging Strike 0-2: Ball 1-2: Foul Ball, location: 2F 1-2: Ball 2-2: SINGLE (Groundball, 34, EV 99.4 MPH) Kenny Ball to second Runner from 2nd tries for 3rd, SAFE, throw by RF made to third
|
|
Batting: RHB Joe Simmelink
|
0-0: Ball 1-0: Fielders Choice at 2nd, 6-4 (Groundball, 6, EV 83.8 MPH) Kenny Ball scores
|
|
Batting: RHB Franklin Ortega
|
0-0: Ball 1-0: Ball 2-0: Ball 3-0: Base on Balls Joe Simmelink to second
|
|
Batting: RHB Victor Rojas
|
0-0: Foul Ball, location: 2F 0-1: Called Strike 0-2: Fly out, F7 (Flyball, 78M, EV 92.5 MPH)
|
|
Batting: RHB Charlie Iacovone
|
0-0: Foul Ball, location: 2F 0-1: Called Strike 0-2: Strikes out looking
|
| Top of the 5th over - 1 run, 2 hits, 0 errors, 2 left on base; Palm Beach 2 - Kelowna 1 |
| BOTTOM OF THE 5TH |
|
Kelowna Heat batting - Pitching for Palm Beach Nationals : LHP Danny Juarez
|
|
Batting: RHB Sean Gilbert
|
0-0: Ground out 4-3 (Groundball, 4, EV 85.6 MPH)
|
|
Batting: RHB Glen Limeburner
|
0-0: Ball 1-0: Called Strike 1-1: Ground out 6-3 (Groundball, 6, EV 76.9 MPH)
|
|
Batting: RHB Adrian Franz
|
0-0: SINGLE (Line Drive, 8LS, EV 111.9 MPH)
|
|
Batting: RHB Mike Storey
|
0-0: Called Strike 0-1: Swinging Strike 0-2: Foul Ball, location: 2F 0-2: Foul Ball, location: 2F 0-2: Foul Ball, location: 2F 0-2: Ball 1-2: Foul Ball, location: 2F 1-2: Foul Ball, location: 2F 1-2: Ball 2-2: Foul Ball, location: 2F 2-2: Hit by Pitch Adrian Franz to second
|
|
Pitching: RHP Nate Vandergriff
|
|
|
Batting: LHB Oscar Tamayo
|
0-0: Ball 1-0: Ball 2-0: Fly out, F8 (Flyball, 78D, EV 100.0 MPH)
|
| Bottom of the 5th over - 0 runs, 1 hit, 0 errors, 2 left on base; Palm Beach 2 - Kelowna 1 |
| TOP OF THE 6TH |
|
Palm Beach Nationals batting - Pitching for Kelowna Heat : RHP Kenjyu Watanabe
|
|
Batting: RHB Ryan Wright
|
0-0: SOLO HOME RUN (Flyball, 7LD, EV 96.2 MPH), Distance : 347 ft
|
|
Batting: RHB Alex Martinez
|
0-0: Ball 1-0: Ball 2-0: Ball 3-0: Base on Balls
|
|
Batting: RHB Qian Tai
|
0-0: Ball 1-0: Called Strike 1-1: Called Strike 1-2: Foul Ball, location: 2F 1-2: Strikes out swinging
|
|
Batting: RHB Kenny Ball
|
0-0: Foul Ball, location: 2F 0-1: Ball 1-1: Fielders Choice at 2nd, 6-4 (Groundball, 6, EV 93.8 MPH)
|
|
Batting: LHB Tony Olvera
|
0-0: Foul Ball, location: 2F 0-1: Ball 1-1: Ball 2-1: Ball 3-1: Foul Ball, location: 2F 3-2: Foul Ball, location: 2F 3-2: Strikes out swinging
|
| Top of the 6th over - 1 run, 1 hit, 0 errors, 1 left on base; Palm Beach 3 - Kelowna 1 |
| BOTTOM OF THE 6TH |
|
Kelowna Heat batting - Pitching for Palm Beach Nationals : RHP Nate Vandergriff
|
|
Batting: LHB Adrian Navarro
|
0-0: Ball 1-0: Ball 2-0: Swinging Strike 2-1: Foul Ball, location: 2F 2-2: Foul Ball, location: 2F 2-2: Foul Ball, location: 2F 2-2: Foul Ball, location: 2F 2-2: Strikes out swinging
|
|
Batting: RHB Matt Wallace
|
0-0: Foul Ball, location: 2F 0-1: Swinging Strike 0-2: Ball 1-2: Strikes out swinging
|
|
Batting: LHB Dennis Jones
|
0-0: Ball 1-0: Ball 2-0: Called Strike 2-1: Swinging Strike 2-2: Strikes out looking
|
| Bottom of the 6th over - 0 runs, 0 hits, 0 errors, 0 left on base; Palm Beach 3 - Kelowna 1 |
| TOP OF THE 7TH |
|
Palm Beach Nationals batting - Pitching for Kelowna Heat : RHP Kenjyu Watanabe
|
|
Pitching: LHP Ricky Coats
|
|
|
Batting: RHB Joe Simmelink
|
0-0: Ball 1-0: Foul Ball, location: 2F 1-1: Ball 2-1: SOLO HOME RUN (Flyball, 7LD, EV 95.6 MPH), Distance : 346 ft
|
|
Batting: RHB Franklin Ortega
|
0-0: Called Strike 0-1: Ball 1-1: Foul Ball, location: 2F 1-2: SINGLE (Groundball, 5S, EV 71.9 MPH) (infield hit)
|
|
Batting: RHB Victor Rojas
|
0-0: Swinging Strike 0-1: SINGLE (Groundball, 56S, EV 66.2 MPH) (infield hit) Franklin Ortega to second
|
|
Batting: RHB Charlie Iacovone
|
0-0: Ball 1-0: Swinging Strike 1-1: Called Strike 1-2: Foul Ball, location: 2F 1-2: Ball 2-2: Fly out, F7 (Flyball, 7, EV 94.4 MPH)
|
|
Batting: RHB Ryan Wright
|
0-0: Swinging Strike 0-1: Ball 1-1: Swinging Strike 1-2: Ball 2-2: Strikes out swinging
|
|
Pitching: RHP Josh Henderson
|
|
|
Batting: RHB Alex Martinez
|
0-0: Called Strike 0-1: Ball 1-1: Foul Ball, location: 2F 1-2: Ball 2-2: Fielders Choice at 2nd, U6 (Groundball, 6M, EV 84.4 MPH)
|
| Top of the 7th over - 1 run, 3 hits, 0 errors, 2 left on base; Palm Beach 4 - Kelowna 1 |
| BOTTOM OF THE 7TH |
|
Kelowna Heat batting - Pitching for Palm Beach Nationals : RHP Nate Vandergriff
|
|
Batting: RHB Soichi Kaneshiro
|
0-0: Foul Ball, location: 2F 0-1: Foul Ball, location: 2F 0-2: Fly out, F9 (Flyball, 9S, EV 83.8 MPH)
|
|
Pinch Hitting: RHB Tsugio Yamaguchi
|
0-0: Called Strike 0-1: Ball 1-1: Swinging Strike 1-2: Ground out 3-1 (Groundball, 34, EV 83.8 MPH)
|
|
Batting: RHB Glen Limeburner
|
0-0: Ball 1-0: Foul Ball, location: 2F 1-1: Ball 2-1: Foul Ball, location: 2F 2-2: Foul Ball, location: 2F 2-2: Foul Ball, location: 2F 2-2: Foul Ball, location: 2F 2-2: Ground out U3 (Groundball, 3L, EV 80.0 MPH)
|
| Bottom of the 7th over - 0 runs, 0 hits, 0 errors, 0 left on base; Palm Beach 4 - Kelowna 1 |
| TOP OF THE 8TH |
|
Palm Beach Nationals batting - Pitching for Kelowna Heat : RHP Josh Henderson
|
|
Now at 2B: Tsugio Yamaguchi
|
|
|
Now at SS: Adrian Franz
|
|
|
Batting: RHB Qian Tai
|
0-0: Called Strike 0-1: Ball 1-1: Swinging Strike 1-2: Fly out, F8 (Flyball, 8RS, EV 90.6 MPH)
|
|
Batting: RHB Kenny Ball
|
0-0: Foul Ball, location: 2F 0-1: Swinging Strike 0-2: Ball 1-2: Strikes out swinging
|
|
Batting: LHB Tony Olvera
|
0-0: Foul Ball, location: 2F 0-1: Ball 1-1: Foul Ball, location: 2F 1-2: Foul Ball, location: 2F 1-2: Ball 2-2: Ground out 6-3 (Groundball, 4M, EV 105.6 MPH)
|
| Top of the 8th over - 0 runs, 0 hits, 0 errors, 0 left on base; Palm Beach 4 - Kelowna 1 |
| BOTTOM OF THE 8TH |
|
Kelowna Heat batting - Pitching for Palm Beach Nationals : RHP Nate Vandergriff
|
|
Batting: RHB Adrian Franz
|
0-0: Foul Ball, location: 2F 0-1: Swinging Strike 0-2: Ground out 4-3 (Groundball, 4M, EV 80.6 MPH)
|
|
Batting: RHB Mike Storey
|
0-0: Ball 1-0: Ball 2-0: Called Strike 2-1: Foul Ball, location: 2F 2-2: Foul Ball, location: 2F 2-2: Foul Ball, location: 2F 2-2: Ball 3-2: Fly out, F7 (Flyball, 7D, EV 99.4 MPH)
|
|
Batting: LHB Oscar Tamayo
|
0-0: Called Strike 0-1: Swinging Strike 0-2: Ball 1-2: Ball 2-2: Strikes out swinging
|
| Bottom of the 8th over - 0 runs, 0 hits, 0 errors, 0 left on base; Palm Beach 4 - Kelowna 1 |
| TOP OF THE 9TH |
|
Palm Beach Nationals batting - Pitching for Kelowna Heat : RHP Josh Henderson
|
|
Batting: RHB Joe Simmelink
|
0-0: Ball 1-0: Ball 2-0: Ball 3-0: Called Strike 3-1: Base on Balls
|
|
Batting: RHB Franklin Ortega
|
0-0: Called Strike 0-1: Called Strike 0-2: Ball 1-2: Foul Ball, location: 2F 1-2: Ball 2-2: Fielders Choice at 2nd, 6-4 (Groundball, 6, EV 80.0 MPH)
|
|
Batting: RHB Victor Rojas
|
0-0: Swinging Strike 0-1: Foul Ball, location: 2F 0-2: Ball 1-2: Ball 2-2: Ball 3-2: Foul Ball, location: 2F 3-2: Foul Ball, location: 2F 3-2: Foul Ball, location: 2F 3-2: Fly out, F9 (Line Drive, 9, EV 93.1 MPH)
|
|
Batting: RHB Charlie Iacovone
|
0-0: Called Strike 0-1: Ball 1-1: Foul Ball, location: 2F 1-2: Foul Ball, location: 2F 1-2: SINGLE (Line Drive, 6M, EV 98.1 MPH) Franklin Ortega to second
|
|
Batting: RHB Ryan Wright
|
0-0: Ball 1-0: Foul Ball, location: 2F 1-1: 3-RUN HOME RUN (Flyball, 7D, EV 97.5 MPH), Distance : 374 ft
|
|
Batting: RHB Alex Martinez
|
0-0: Ball 1-0: Foul Ball, location: 2F 1-1: Swinging Strike 1-2: Foul Ball, location: 2F 1-2: Ball 2-2: DOUBLE (Line Drive, 78D, EV 104.4 MPH)
|
|
Batting: RHB Qian Tai
|
0-0: Called Strike 0-1: Ball 1-1: Foul Ball, location: 2F 1-2: Ball 2-2: Foul Ball, location: 2F 2-2: Foul Ball, location: 2F 2-2: Ball 3-2: SINGLE (Line Drive, 3D, EV 98.8 MPH) Alex Martinez to third Runner from 3rd tries for Home, SAFE, throw by RF to home
|
|
Pitching: RHP Sergio Silva
|
|
|
Pinch Hitting: SHB Nelson Franco
|
0-0: Foul Ball, location: 2F 0-1: SINGLE (Groundball, 34D, EV 106.2 MPH) Qian Tai to second Runner from 2nd tries for 3rd, OUT! 9-5
|
| Top of the 9th over - 4 runs, 5 hits, 0 errors, 1 left on base; Palm Beach 8 - Kelowna 1 |
| BOTTOM OF THE 9TH |
|
Kelowna Heat batting - Pitching for Palm Beach Nationals : RHP Nate Vandergriff
|
|
Now at 1B: Akira Ishihara
|
|
|
Batting: LHB Adrian Navarro
|
0-0: Ball 1-0: Foul Ball, location: 2F 1-1: Ball 2-1: Called Strike 2-2: Strikes out swinging
|
|
Batting: RHB Armando Ramirez
|
0-0: Swinging Strike 0-1: Called Strike 0-2: Foul Ball, location: 2F 0-2: Ball 1-2: Foul Ball, location: 2F 1-2: Foul Ball, location: 2F 1-2: Ball 2-2: Ball 3-2: Base on Balls
|
|
Pitching: RHP Gabriel Bass
|
|
|
Batting: LHB Dennis Jones
|
0-0: Ball 1-0: Foul Ball, location: 2F 1-1: Foul Ball, location: 2F 1-2: Ball 2-2: Foul Ball, location: 2F 2-2: Foul Ball, location: 2F 2-2: Foul Ball, location: 2F 2-2: SINGLE (Groundball, 25, EV 70.6 MPH) (infield hit) Armando Ramirez to second
|
|
Batting: RHB Soichi Kaneshiro
|
0-0: Fielders Choice at 2nd, 5-4 (Groundball, 56, EV 98.1 MPH) Armando Ramirez to third
|
|
Batting: RHB Tsugio Yamaguchi
|
0-0: 3-RUN HOME RUN (Flyball, 78XD, EV 109.4 MPH), Distance : 433 ft
|
|
Pinch Hitting: RHB Joe Nelson
|
0-0: Ground out 3-1 (Groundball, 34, EV 86.9 MPH)
|
| Bottom of the 9th over - 3 runs, 2 hits, 0 errors, 0 left on base; Palm Beach 8 - Kelowna 4 |
|